 Dungeon Crawl Stone Soup version 0.19.1 (webtiles) character file.

123 Firecrotchwizard the Firebug (level 5, 0/28 HPs)
             Began as a Gargoyle Fire Elementalist on Dec 19, 2016.
             Slain by Purgy (2 damage)
             ... on level 3 of the Dungeon.
             The game lasted 00:08:17 (2732 turns).

Firecrotchwizard the Firebug (GrFE)                 Turns: 2732, Time: 00:08:18

Health: 0/28       AC:  8    Str: 11    XL:     5   Next: 7%
Magic:  1/8        EV: 12    Int: 17    God:
Gold:   104        SH:  0    Dex: 10    Spells: 3 memorised, 0 levels left

rFire  . . .     SeeInvis .     g - +0 mace (protect)
rCold  . . .     Gourm    .     a - +0 robe
rNeg   + + .     Faith    .     (no shield)
rPois  ∞         Spirit   .     (no helmet)
rElec  +         Reflect  .     (no cloak)
rCorr  .         Harm     .     h - +1 pair of gloves
MR     .....                    (no boots)
Stlth  ++........               (no amulet)
                                (no ring)
                                p - ring of positive energy

@: no status effects
A: negative energy resistance 1, electricity resistance, unbreathing,
petrification resistance, rot immunity, AC +4
a: no special abilities


You were on level 3 of the Dungeon.
You were not hungry.

You visited 1 branch of the dungeon, and saw 3 of its levels.
You also visited: Sewer.

You collected 104 gold pieces.

Inventory:

Hand Weapons
 f - a +0 club
 g - a +0 mace of protection (weapon)
Armour
 a - a +0 robe (worn)
 h - a +1 pair of gloves (worn)
Jewellery
 p - a ring of positive energy (left hand)
Scrolls
 d - 2 scrolls of teleportation {unknown}
 i - a scroll of blinking {unknown}
 k - 4 scrolls of identify {unknown}
 n - a scroll of noise {unknown}
 o - a scroll of amnesia {unknown}
 q - a scroll of remove curse {unknown}
 r - a scroll of magic mapping {unknown}
Potions
 e - a potion of heal wounds {unknown}
 j - a potion of experience {unknown}
 m - a potion of might {unknown}
 s - 2 potions of curing {unknown}
 t - a potion of beneficial mutation {unknown}
 u - a potion of haste {unknown}
Books
 b - a book of Flames

   Spells                             Type                      Level
   a - Flame Tongue                   Conjuration/Fire             1
   b - Throw Flame                    Conjuration/Fire             2
   c - Conjure Flame                  Conjuration/Fire             3
   d - Inner Flame                    Hexes/Fire                   3
   e - Sticky Flame                   Conjuration/Fire             4
   f - Fireball                       Conjuration/Fire             5
Comestibles
 c - 3 bread rations
 l - a meat ration


   Skills:
 + Level 2.1 Dodging
 - Level 2.1 Stealth
 + Level 2.3 Spellcasting
 * Level 3.1 Conjurations
 * Level 4.2 Fire Magic


You couldn't memorise any spells.
You knew the following spells:

 Your Spells              Type           Power        Failure   Level  Hunger
a - Flame Tongue          Conj/Fire      ##...        4%          1    #......
b - Conjure Flame         Conj/Fire      ##......     14%         3    ###....
c - Sticky Flame          Conj/Fire      ##......     45%         4    #####..


Dungeon Overview and Level Annotations

Branches:
Dungeon (3/15)

Altars:
Dithmenos
Gozag
Uskayaw

Annotations:
D:3 Purgy


Innate Abilities, Weirdness & Mutations

You are resistant to torment.
Your stone body is resilient. (AC +4)
You are immune to poison.
You resist negative energy. (rN+)
You are resistant to electric shocks. (rElec)
You can survive without breathing.
You are immune to petrification.
You are immune to rotting.


Message History

There is a gate leading back out of this place here.
Purgy bites you.
* * * LOW HITPOINT WARNING * * *
Purgy claws you but does no damage. x2
Welcome back to the Dungeon! x2
There is a collapsed entrance here.
Casting: Flame Tongue
Confirm with . or Enter, or press ? or * to list all spells.
Aiming: Flame Tongue
Press: ? - help, Shift-Dir - straight line, f - Purgy
Aim: Purgy (moderately wounded)
The flame tongue hits Purgy.
Purgy is moderately wounded.
Purgy is engulfed in a cloud of scalding steam.
Purgy bites you but does no damage. Purgy completely misses you.
Purgy barely misses you.
Purgy is nearby!
Purgy is engulfed in a cloud of scalding steam.
Purgy barely misses you. x2; Purgy claws you.
You die...

.... #######.. # ......#
#.. ###. ......# ...
...####....#### ...
###............# (..
...............###+##...
#...≈≈≈...............
#..≈≈≈≈≈..............
#..≈≈@≈≈.....)........
#..≈T≈≈≈...##......###
#...†≈≈...######'#....
#.........# #.#....
#.........# #.#....
####.###########......
#..................
##....#.###........
#....#.# #.......#


You could see Purgy.

Vanquished Creatures
  Terence (D:3)
  3 gnolls (D:2)
  3 dart slugs
  2 worms (D:3)
  A leopard gecko (D:3)
  3 orcs (D:3)
  3 ball pythons
  A giant cockroach (D:1)
  10 goblins
  6 hobgoblins
  6 kobolds
  7 bats
  3 frilled lizards
  9 rats
58 creatures vanquished.

Notes
Turn   | Place    | Note
-------+----------+-------------------------------------------
     0 | D:1      | Firecrotchwizard the Gargoyle Fire Elementalist began the quest for the Orb.
     0 | D:1      | Reached XP level 1. HP: 10/10 MP: 3/3
   301 | D:1      | Reached XP level 2. HP: 15/15 MP: 5/5
   688 | D:1      | Reached XP level 3. HP: 18/19 MP: 0/6
   902 | D:1      | Learned a level 3 spell: Conjure Flame
  1391 | D:2      | Found a hide-covered altar of Uskayaw.
  1409 | D:2      | Found an opulent altar of Gozag.
  1412 | D:2      | Found a shadowy altar of Dithmenos.
  1733 | D:2      | Reached XP level 4. HP: 15/24 MP: 1/7
  2253 | D:3      | Noticed Terence
  2266 | D:3      | Killed Terence
  2398 | D:3      | Reached skill level 4 in Fire Magic
  2536 | D:3      | Found a shadowy altar of Dithmenos.
  2604 | D:3      | Reached XP level 5. HP: 28/28 MP: 3/8
  2684 | D:3      | Learned a level 4 spell: Sticky Flame
  2685 | D:3      | Found a glowing drain.
  2703 | Sewer    | Entered a sewer
  2706 | Sewer    | Noticed Purgy
  2729 | Sewer    | HP: 1/28 [Purgy (6)]
  2732 | D:3      | Slain by Purgy

Skill      XL: |  1  2  3  4 |
---------------+-------------+-----
Conjurations   | 2 3 |  3.1
Dodging        | 2 |  2.1
Fire Magic     | 4 |  4.2
Stealth        | |  2.1
Spellcasting   | |  2.3

Action                   |  1- 3 |  4- 6 || total
-------------------------+-------+-------++-------
Melee: Club              |     7 |       ||     7
       Unarmed           |     3 |       ||     3
       Mace              |    61 |    64 ||   125
 Cast: Flame Tongue      |    35 |    30 ||    65
 Stab: Sleeping          |     1 |     1 ||     2
  Eat: Chunk             |     3 |     4 ||     7
Armor: Robe              |    47 |    50 ||    97
Dodge: Dodged            |    69 |    77 ||   146
